[ AOE2 MATCH · #495658404 ]
UnrankedChinese vs Chinese
Player's team · LOSS
Rival team · WIN
[ REPLAY ANALYSIS · EXTRACTED FROM THE RECORDED GAME ]
Feudal
11:16
Castle
19:26
Imperial
—
| APM avg | 53.9 |
| APM peak | 101 |
| eAPM avg | 31.7 |
| Villagers / military | 118 / 32 |
Focus
⚔️ 29.0% · 🌾 71.0%
Chu Ko Nu ×18 · Demolition Raft ×4 · Fire Galley ×3 · Battering Ram ×3 · Iron Pagoda ×2 · Transport Ship ×2
Feudal
9:35
Castle
23:20
Imperial
28:26
| APM avg | 72.0 |
| APM peak | 107 |
| eAPM avg | 32.5 |
| Villagers / military | 62 / 28 |
Focus
⚔️ 54.4% · 🌾 45.6%
Archer ×10 · Militia ×9 · Chu Ko Nu ×4 · Trebuchet (Packed) ×3 · Fire Galley ×1 · Transport Ship ×1
Match map
Initial resources + every placement click. Lines = walls · curves = elevation contours. ◆ gold · ⬟ stone · ● berries · ✦ relic · ◌ wall gap
Your base· ✓ Closed at 19:26 · 69t walls · 1 gate(s)
Oni.Nacho's base· Open — opponent sealed themselves in
Smoothed initial terrain · ◌ = detected wall gap · hover for details
Inputs per minute
— 星空葡萄大杯加椰果冰沙七分糖 - - Oni.Nacho
Build order — 星空葡萄大杯加椰果冰沙七分糖
First 150 of 237 actions detected
| 0:02 | Research | Loom |
| 0:38 | Queue | Villager (Male) |
| 0:38 | Queue | Villager (Male) |
| 1:03 | Queue | Villager (Male) |
| 1:03 | Queue | Villager (Male) |
| 1:03 | Queue | Villager (Male) |
| 1:36 | Queue | Villager (Male) |
| 1:36 | Queue | Villager (Male) |
| 1:43 | Build | Lumber Camp |
| 1:52 | Queue | Villager (Male) |
| 2:19 | Queue | Villager (Male) |
| 2:19 | Queue | Villager (Male) |
| 2:35 | Queue | Villager (Male) |
| 2:35 | Queue | Villager (Male) |
| 3:02 | Build | Palisade Wall |
| 3:05 | Queue | Villager (Male) |
| 3:05 | Queue | Villager (Male) |
| 3:06 | Queue | Villager (Male) |
| 3:06 | Queue | Villager (Male) |
| 3:45 | Build | House |
| 3:50 | Build | Palisade Wall |
| 4:00 | Queue | Villager (Male) |
| 4:00 | Queue | Villager (Male) |
| 4:08 | Queue | Villager (Male) |
| 4:27 | Queue | Villager (Male) |
| 4:27 | Queue | Villager (Male) |
| 4:31 | Build | Mill |
| 4:55 | Queue | Villager (Male) |
| 4:55 | Queue | Villager (Male) |
| 4:56 | Queue | Villager (Male) |
| 5:26 | Queue | Villager (Male) |
| 5:27 | Queue | Villager (Male) |
| 5:33 | Build | Palisade Wall |
| 5:42 | Build | House |
| 6:16 | Queue | Villager (Male) |
| 6:16 | Queue | Villager (Male) |
| 6:22 | Build | Palisade Wall |
| 6:27 | Queue | Villager (Male) |
| 6:28 | Queue | Villager (Male) |
| 6:28 | Queue | Villager (Male) |
| 6:40 | Build | Mill |
| 6:56 | Build | Palisade Wall |
| 7:20 | Queue | Villager (Male) |
| 7:23 | Build | House |
| 7:30 | Build | Mining Camp |
| 8:14 | Build | Mining Camp |
| 8:53 | Research | Feudal Age |
| 8:59 | Build | Palisade Wall |
| 9:01 | Build | Palisade Wall |
| 9:03 | Build | Palisade Wall |
| 10:36 | Build | House |
| 10:47 | Build | House |
| 10:50 | Build | House |
| 11:13 | Queue | Villager (Male) |
| 11:13 | Queue | Villager (Male) |
| 11:16 | Age | Feudal Age |
| 11:21 | Build | Watch Tower |
| 11:27 | Build | Blacksmith |
| 11:32 | Build | Palisade Wall |
| 11:33 | Build | Palisade Wall |
| 11:38 | Build | House |
| 11:53 | Build | House |
| 11:55 | Build | House |
| 12:04 | Queue | Villager (Male) |
| 12:10 | Queue | Villager (Male) |
| 12:26 | Build | Stone Wall |
| 12:27 | Build | Stone Wall |
| 12:39 | Queue | Villager (Male) |
| 12:41 | Build | House |
| 12:49 | Build | Palisade Wall |
| 12:52 | Build | House |
| 13:08 | Build | House |
| 13:19 | Queue | Villager (Male) |
| 13:24 | Build | House |
| 13:41 | Queue | Villager (Male) |
| 13:50 | Build | House |
| 14:01 | Build | Watch Tower |
| 14:06 | Build | Stone Wall |
| 14:07 | Build | Stone Wall |
| 14:11 | Queue | Villager (Male) |
| 14:30 | Build | Gate |
| 14:31 | Build | House |
| 14:47 | Queue | Villager (Male) |
| 15:18 | Build | Market |
| 15:40 | Build | Watch Tower |
| 15:46 | Build | Farm |
| 16:11 | Build | Farm |
| 16:23 | Build | Palisade Wall |
| 16:27 | Build | House |
| 16:46 | Research | Castle Age |
| 16:46 | Research | Castle Age |
| 16:53 | Build | Farm |
| 17:03 | Build | Palisade Wall |
| 17:10 | Build | Farm |
| 17:43 | Build | House |
| 17:45 | Build | House |
| 17:54 | Build | Stone Wall |
| 17:54 | Build | Stone Wall |
| 18:31 | Queue | Villager (Male) |
| 18:42 | Build | Lumber Camp |
| 19:13 | Build | House |
| 19:19 | Queue | Villager (Male) |
| 19:23 | Queue | Villager (Male) |
| 19:26 | Age | Castle Age |
| 19:55 | Build | Town Center |
| 19:56 | Queue | Villager (Male) |
| 20:11 | Queue | Villager (Male) |
| 21:19 | Build | Mining Camp |
| 21:29 | Queue | Villager (Male) |
| 21:30 | Queue | Villager (Male) |
| 21:36 | Queue | Villager (Male) |
| 21:36 | Queue | Villager (Male) |
| 21:45 | Build | Stone Wall |
| 21:47 | Build | Farm |
| 21:58 | Queue | Villager (Male) |
| 22:19 | Build | Castle |
| 22:24 | Queue | Villager (Male) |
| 22:45 | Build | Farm |
| 22:54 | Queue | Villager (Male) |
| 22:55 | Queue | Villager (Male) |
| 23:03 | Queue | Villager (Male) |
| 23:05 | Build | Farm |
| 23:22 | Queue | Chu Ko Nu |
| 23:22 | Queue | Chu Ko Nu |
| 23:24 | Queue | Villager (Male) |
| 23:24 | Queue | Villager (Male) |
| 23:38 | Queue | Villager (Male) |
| 23:54 | Build | Town Center |
| 24:10 | Queue | Villager (Male) |
| 24:14 | Build | Farm |
| 24:17 | Build | Farm |
| 24:28 | Queue | Chu Ko Nu |
| 24:28 | Queue | Chu Ko Nu |
| 24:39 | Queue | Villager (Male) |
| 24:39 | Queue | Villager (Male) |
| 24:49 | Queue | Chu Ko Nu |
| 25:03 | Build | Dock |
| 25:09 | Queue | Villager (Male) |
| 25:09 | Queue | Villager (Male) |
| 25:13 | Queue | Chu Ko Nu |
| 25:20 | Build | Farm |
| 25:27 | Queue | Villager (Male) |
| 25:27 | Queue | Villager (Male) |
| 25:28 | Queue | Villager (Male) |
| 25:39 | Queue | Villager (Male) |
| 25:42 | Queue | Chu Ko Nu |
| 25:42 | Queue | Chu Ko Nu |
| 25:42 | Queue | Chu Ko Nu |
| 25:43 | Queue | Chu Ko Nu |
| 25:43 | Queue | Chu Ko Nu |
Build order — Oni.Nacho
First 150 of 180 actions detected
| 0:07 | Research | Loom |
| 0:07 | Research | Loom |
| 0:49 | Queue | Villager (Male) |
| 0:50 | Queue | Villager (Male) |
| 1:17 | Queue | Villager (Male) |
| 1:18 | Queue | Villager (Male) |
| 1:39 | Queue | Villager (Male) |
| 1:39 | Queue | Villager (Male) |
| 2:10 | Queue | Villager (Male) |
| 2:10 | Queue | Villager (Male) |
| 2:10 | Queue | Villager (Male) |
| 2:19 | Build | Lumber Camp |
| 2:29 | Queue | Villager (Male) |
| 3:01 | Queue | Villager (Male) |
| 3:09 | Queue | Villager (Male) |
| 3:09 | Queue | Villager (Male) |
| 3:24 | Queue | Villager (Male) |
| 3:24 | Queue | Villager (Male) |
| 3:35 | Build | House |
| 4:05 | Queue | Villager (Male) |
| 4:05 | Queue | Villager (Male) |
| 4:48 | Build | House |
| 5:27 | Queue | Villager (Male) |
| 5:54 | Queue | Villager (Male) |
| 6:23 | Queue | Villager (Male) |
| 6:33 | Build | Mining Camp |
| 7:01 | Queue | Villager (Male) |
| 7:18 | Build | Barracks |
| 7:20 | Build | Palisade Wall |
| 7:20 | Build | Palisade Wall |
| 7:22 | Build | Palisade Wall |
| 7:25 | Research | Feudal Age |
| 7:25 | Research | Feudal Age |
| 8:00 | Build | House |
| 8:14 | Queue | Villager (Male) |
| 8:33 | Queue | Militia |
| 8:33 | Queue | Militia |
| 8:37 | Build | House |
| 8:50 | Build | Mill |
| 9:03 | Queue | Villager (Male) |
| 9:11 | Queue | Militia |
| 9:23 | Queue | Militia |
| 9:32 | Queue | Militia |
| 9:34 | Queue | Villager (Male) |
| 9:35 | Age | Feudal Age |
| 9:46 | Queue | Villager (Male) |
| 9:59 | Research | Man-at-Arms (upgrade) |
| 9:59 | Research | Man-at-Arms (upgrade) |
| 10:15 | Build | Farm |
| 10:16 | Build | Farm |
| 10:16 | Build | Farm |
| 10:31 | Build | Palisade Wall |
| 10:36 | Build | Palisade Wall |
| 10:38 | Build | Palisade Wall |
| 10:39 | Build | Palisade Wall |
| 10:46 | Queue | Militia |
| 10:52 | Queue | Villager (Male) |
| 10:52 | Queue | Villager (Male) |
| 11:15 | Build | Archery Range |
| 11:23 | Queue | Villager (Male) |
| 12:14 | Queue | Militia |
| 12:21 | Queue | Archer |
| 12:26 | Queue | Villager (Male) |
| 12:27 | Queue | Militia |
| 12:43 | Build | Farm |
| 12:53 | Queue | Archer |
| 13:02 | Queue | Villager (Male) |
| 13:04 | Queue | Villager (Male) |
| 13:17 | Research | Arson |
| 13:18 | Research | Arson |
| 13:41 | Queue | Militia |
| 13:42 | Queue | Archer |
| 13:46 | Build | House |
| 13:46 | Build | House |
| 13:49 | Build | Market |
| 14:00 | Build | House |
| 14:02 | Research | Town Watch |
| 14:02 | Queue | Villager (Male) |
| 14:02 | Queue | Villager (Male) |
| 14:13 | Queue | Archer |
| 14:21 | Build | Farm |
| 14:21 | Build | Farm |
| 14:23 | Build | Farm |
| 14:24 | Queue | Villager (Male) |
| 14:24 | Queue | Villager (Male) |
| 14:28 | Queue | Archer |
| 14:55 | Build | Blacksmith |
| 15:00 | Queue | Villager (Male) |
| 15:00 | Queue | Villager (Male) |
| 15:16 | Queue | Archer |
| 15:35 | Queue | Villager (Male) |
| 15:43 | Research | Fletching |
| 15:43 | Research | Fletching |
| 15:54 | Build | Dock |
| 15:59 | Queue | Villager (Male) |
| 16:10 | Queue | Archer |
| 16:23 | Build | Farm |
| 16:24 | Build | Farm |
| 16:25 | Queue | Villager (Male) |
| 16:48 | Queue | Transport Ship |
| 16:58 | Queue | Villager (Male) |
| 17:12 | Research | Double-Bit Axe |
| 17:12 | Research | Double-Bit Axe |
| 17:17 | Build | House |
| 17:25 | Build | Farm |
| 17:58 | Queue | Villager (Male) |
| 18:01 | Build | Farm |
| 18:02 | Build | Farm |
| 18:03 | Queue | Villager (Male) |
| 18:03 | Queue | Villager (Male) |
| 18:03 | Queue | Villager (Male) |
| 18:22 | Build | Watch Tower |
| 18:26 | Queue | Archer |
| 18:32 | Build | Watch Tower |
| 18:35 | Queue | Villager (Male) |
| 18:41 | Build | Mill |
| 19:05 | Queue | Archer |
| 19:16 | Queue | Archer |
| 19:22 | Build | Mining Camp |
| 20:40 | Research | Castle Age |
| 20:40 | Research | Castle Age |
| 21:00 | Research | Gold Mining |
| 21:01 | Research | Gold Mining |
| 21:30 | Research | Horse Collar |
| 21:30 | Research | Horse Collar |
| 21:54 | Build | Watch Tower |
| 22:14 | Queue | Villager (Male) |
| 23:02 | Queue | Villager (Male) |
| 23:20 | Age | Castle Age |
| 23:22 | Queue | Villager (Male) |
| 23:26 | Research | Bodkin Arrow |
| 23:27 | Research | Bodkin Arrow |
| 23:33 | Build | House |
| 23:42 | Build | University |
| 23:46 | Build | Monastery |
| 23:47 | Build | Lumber Camp |
| 23:52 | Queue | Villager (Male) |
| 24:55 | Build | House |
| 25:16 | Research | Imperial Age |
| 25:16 | Research | Imperial Age |
| 25:42 | Build | House |
| 26:10 | Research | Bodkin Arrow |
| 26:10 | Research | Bodkin Arrow |
| 26:15 | Queue | Fire Galley |
| 26:49 | Queue | Villager (Male) |
| 27:08 | Build | Castle |
| 27:36 | Build | Farm |
| 27:38 | Build | Farm |
| 27:44 | Build | Lumber Camp |
| 28:01 | Build | Mining Camp |
Match timeline
| 3:02 | 星空葡萄大杯加椰果冰沙七分糖 · wall_segment Palisade Wall x9 |
| 3:50 | 星空葡萄大杯加椰果冰沙七分糖 · wall_segment Palisade Wall x15 |
| 5:33 | 星空葡萄大杯加椰果冰沙七分糖 · wall_segment Palisade Wall x4 |
| 6:22 | 星空葡萄大杯加椰果冰沙七分糖 · wall_segment Palisade Wall x1 |
| 6:56 | 星空葡萄大杯加椰果冰沙七分糖 · wall_segment Palisade Wall x1 |
| 7:18 | Oni.Nacho · first_building Barracks |
| 7:20 | Oni.Nacho · wall_segment Palisade Wall x1 |
| 7:20 | Oni.Nacho · wall_segment Palisade Wall x1 |
| 7:22 | Oni.Nacho · wall_segment Palisade Wall x2 |
| 8:59 | 星空葡萄大杯加椰果冰沙七分糖 · wall_segment Palisade Wall x1 |
| 9:01 | 星空葡萄大杯加椰果冰沙七分糖 · wall_segment Palisade Wall x8 |
| 9:03 | 星空葡萄大杯加椰果冰沙七分糖 · wall_segment Palisade Wall x2 |
| 9:35 | Oni.Nacho · age_up feudal |
| 10:31 | Oni.Nacho · wall_segment Palisade Wall x1 |
| 10:36 | Oni.Nacho · wall_segment Palisade Wall x1 |
| 10:38 | Oni.Nacho · wall_segment Palisade Wall x1 |
| 10:39 | Oni.Nacho · wall_segment Palisade Wall x1 |
| 11:15 | Oni.Nacho · first_building Archery Range |
| 11:16 | 星空葡萄大杯加椰果冰沙七分糖 · age_up feudal |
| 11:32 | 星空葡萄大杯加椰果冰沙七分糖 · wall_segment Palisade Wall x1 |
| 11:33 | 星空葡萄大杯加椰果冰沙七分糖 · wall_segment Palisade Wall x1 |
| 12:26 | 星空葡萄大杯加椰果冰沙七分糖 · wall_segment Stone Wall x3 |
| 12:27 | 星空葡萄大杯加椰果冰沙七分糖 · wall_segment Stone Wall x5 |
| 12:49 | 星空葡萄大杯加椰果冰沙七分糖 · wall_segment Palisade Wall x1 |
| 14:06 | 星空葡萄大杯加椰果冰沙七分糖 · wall_segment Stone Wall x1 |
| 14:07 | 星空葡萄大杯加椰果冰沙七分糖 · wall_segment Stone Wall x1 |
| 15:54 | Oni.Nacho · first_building Dock |
| 16:00 | 星空葡萄大杯加椰果冰沙七分糖 · first_market_buy 100 food |
| 16:00 | 星空葡萄大杯加椰果冰沙七分糖 · first_market_sell 100 stone |
| 16:23 | 星空葡萄大杯加椰果冰沙七分糖 · wall_segment Palisade Wall x1 |
| 17:03 | 星空葡萄大杯加椰果冰沙七分糖 · wall_segment Palisade Wall x1 |
| 17:54 | 星空葡萄大杯加椰果冰沙七分糖 · wall_segment Stone Wall x11 |
| 17:54 | 星空葡萄大杯加椰果冰沙七分糖 · wall_segment Stone Wall x5 |
| 19:26 | 星空葡萄大杯加椰果冰沙七分糖 · age_up castle |
| 19:55 | Oni.Nacho · first_market_sell 100 wood |
| 21:45 | 星空葡萄大杯加椰果冰沙七分糖 · wall_segment Stone Wall x1 |
| 22:19 | 星空葡萄大杯加椰果冰沙七分糖 · first_building Castle |
| 23:20 | Oni.Nacho · age_up castle |
| 23:46 | Oni.Nacho · first_building Monastery |
| 25:03 | 星空葡萄大杯加椰果冰沙七分糖 · first_building Dock |
| 25:52 | 星空葡萄大杯加椰果冰沙七分糖 · first_building Siege Workshop |
| 27:05 | Oni.Nacho · first_market_buy 100 stone |
| 27:08 | Oni.Nacho · first_building Castle |
| 28:26 | Oni.Nacho · age_up imperial |
| 33:40 | 星空葡萄大杯加椰果冰沙七分糖 · resign |
[ AI ANALYSIS · 1 CREDIT ]
What really happened in this match?
Wolo.gg analyzes every decision: build order, eco, micro, common mistakes by bracket. Personalized analysis on WhatsApp or Discord in 30 seconds.
Civ guide
Chinese
Perfil
Jugador #290430